AoeStats
← Overcome8853

Baltic

510357511Analyzed
3v3 RM · 2d ago on Sep 30, 2026· 47m 20s· 6 players
Game mode
Random Map
Map size
Normal (6 player)
Population
200
Speed
Normal
Resources
Standard
Victory
Conquest
Starting age
Dark Age
Ending age
Imperial Age
RankedLock teamsTeams togetherTeam positionsShared explorationLock speedFull tech treeHidden civsTurbo modeCheats
Victory
Defeat
🇭🇰 Franks · Hong Kong SAR China
819
+13
🇨🇿 Sicilians · Czechia
782
+14
🇩🇰 Romans · Denmark
759
+15
🇭🇺 Huns · Hungary
803
-37
🇭🇺 Persians · Hungary
726
-13
🇭🇺 Celts · Hungary
701
-12
Čip 007
11:13 Feudal Age
11:36 Horse Collar
11:43 Double-Bit Axe
12:49 Wheelbarrow
15:11 Man-at-Arms
17:07 Forging
16:58 Scale Mail Armor
17:18 Loom
19:46 Gold Mining
25:19 Castle Age
27:13 Gambesons
27:14 Arson
27:30 Squires
26:51 Long Swordsman
28:10 Iron Casting
27:50 Chain Mail Armor
28:42 Hand Cart
28:29 Heavy Plow
28:42 Bow Saw
31:30 Gold Shaft Mining
31:05 Stone Mining
31:14 Pikeman
33:34 Stone Shaft Mining
33:00 Crossbowman
33:55 Pikeman
39:23 Imperial Age
37:18 Ballistics
38:25 Scale Barding Armor
41:33 Fletching
41:12 Two-Handed Swordsman
41:14 Halberdier
42:54 Conscription
42:51 Bloodlines
42:41 Husbandry
42:40 Champion
48:58 Chemistry
47:44 Arrowslits
LongJohnGina
0:33 Loom
14:43 Feudal Age
15:53 Horse Collar
19:19 Castle Age
18:17 Double-Bit Axe
19:31 Stone Mining
20:33 Wheelbarrow
20:03 Town Watch
23:00 Heavy Plow
25:42 Hand Cart
27:36 Gold Mining
28:14 Bow Saw
31:44 Gold Shaft Mining
35:05 Imperial Age
32:31 Fletching
32:52 Forging
32:42 Scale Mail Armor
32:48 Scale Barding Armor
32:44 Padded Archer Armor
32:51 Caravan
33:21 Coinage
33:22 Ballistics
32:58 Murder Holes
33:26 Masonry
33:43 Town Patrol
35:08 Fortified Wall
34:57 Bodkin Arrow
35:38 Iron Casting
35:20 Chain Mail Armor
36:42 Crop Rotation
36:38 Conscription
36:39 Comitatenses
36:27 Ballistas
36:06 Heavy Scorpion
37:35 Architecture
37:12 Siege Engineers
39:29 Blast Furnace
215825245
0:43 Loom
12:21 Feudal Age
19:53 Castle Age
18:31 Double-Bit Axe
33:32 Imperial Age
32:13 Wheelbarrow
32:22 Forging
32:18 Scale Barding Armor
32:05 Fletching
32:33 Bow Saw
34:35 Hand Cart
36:29 Conscription
38:48 Caravan
38:44 Gold Mining
39:22 Cavalier
40:02 Husbandry
41:34 Gold Shaft Mining
40:51 Stone Mining
41:51 Iron Casting
41:36 Chain Barding Armor
41:18 Padded Archer Armor
41:43 Paladin
45:38 Chemistry
44:58 Ballistics
44:19 Treadmill Crane
44:49 Masonry
44:50 Chivalry
47:29 Blast Furnace
47:05 Plate Barding Armor
46:27 Bodkin Arrow
46:47 Leather Archer Armor
Overcome8853
11:14 Feudal Age
15:03 Horse Collar
15:56 Man-at-Arms
27:00 Castle Age
26:54 Bloodlines
27:30 Scale Barding Armor
27:42 Forging
27:59 Light Cavalry
28:43 Husbandry
32:46 Chain Barding Armor
33:04 Iron Casting
32:47 Fletching
34:25 Wheelbarrow
33:38 Town Watch
33:40 Loom
39:15 Imperial Age
39:58 Hussar
43:49 Crossbowman
47:01 Heavy Plow
Pufci2011
0:31 Loom
15:55 Feudal Age
16:18 Horse Collar
16:26 Double-Bit Axe
16:51 Gold Mining
16:52 Stone Mining
21:37 Castle Age
28:46 Bow Saw
28:39 Heavy Plow
29:20 Gold Shaft Mining
29:21 Stone Shaft Mining
35:20 Imperial Age
37:27 Chemistry
36:48 Ballistics
35:56 Heavy Scorpion
Scrap
0:29 Loom
16:40 Feudal Age
20:58 Wheelbarrow
22:42 Castle Age
20:30 Horse Collar
20:39 Double-Bit Axe
20:54 Stone Mining
24:46 Hand Cart
25:58 Husbandry
27:35 Town Watch
29:13 Gold Mining
29:58 Stone Shaft Mining
30:02 Scale Barding Armor
30:11 Forging
31:05 Heavy Plow
31:17 Bow Saw
31:59 Town Patrol
37:11 Imperial Age
36:25 Chain Barding Armor
36:41 Iron Casting
37:18 Coinage
36:49 Caravan
37:47 Ballistics
38:29 Chemistry
37:51 Citadels
37:15 Cavalier
39:13 Banking
38:54 Guilds
39:24 Plate Barding Armor
38:51 Padded Archer Armor
39:26 Heavy Scorpion
42:50 Guilds
43:05 Savar
46:33 Kamandaran
Connection lost

Rejoining the realm…

Still unreachable

The connection could not be restored.

Session expired

The server has moved on; the page needs a fresh start.